 Dungeon Crawl Stone Soup version 0.31-a0-331-geda263fcf1 (webtiles) character file.

Game seed: 16701181891917851074

106 mopl the Changeling (level 4, 0/30 HPs)
             Began as an Octopode Shapeshifter on July 19, 2023.
             Slain by Crazy Yiuf
             ... wielding a +2 quarterstaff of chaos
              (16 damage)
             ... on level 2 of the Dungeon.
             The game lasted 00:01:12 (1513 turns).

mopl the Changeling (Octopode Shapeshifter)         Turns: 1513, Time: 00:01:12

Health: 0/30       AC:  1    Str: 14    XL:     4   Next: 84%
Magic:  4/4        EV: 13    Int: 10    God:
Gold:   96         SH:  0    Dex: 14    Spells: 3/3 levels left

rFire   . .          .
                       - Unarmed
rCold   . . .        (no shield)
rNeg    . . .        (helmet currently unavailable)
rPois   .            (no amulet)
rElec   .            (no ring)
rCorr   .            (no ring)
SInv    .            (no ring)
Will    .....        (no ring)
Stlth   ++           (no ring)
HPRegen 0.25/turn    (no ring)
MPRegen 0.09/turn    (no ring)
                     (no ring)

%: no passive effects
@: lethally poisoned (0 -> -6), beast-form
A: beast (slay +2), almost no armour, amphibious, 8 rings, camouflage 1,
gelatinous body 1, (nimble swimmer 1), tentacles
a: Begin Untransformation


You were on level 2 of the Dungeon.
You were a hulking beast.
You visited 1 branch of the dungeon, and saw 2 of its levels.

You collected 96 gold pieces.

Inventory:

Missiles
 h - 2 poisoned darts
Talismans
 b - a beast talisman
Scrolls
 d - a scroll of vulnerability {unknown}
 e - a scroll of amnesia {unknown}
Potions
 a - a potion of lignification {!q}
 c - 3 potions of might {unknown}
 f - a potion of mutation {unknown}
 g - a potion of berserk rage {unknown}


   Skills:
 + Level 2.6 Fighting
 + Level 2.6 Dodging
 * Level 3.1 Unarmed Combat
 * Level 3.7 Shapeshifting


You had 3 spell levels left.
You didn't know any spells.
Your spell library contained the following spells:

 Spells                   Type           Power      Damage    Failure   Level
 Lesser Beckoning         Tloc           0%         N/A       50%         2
 Gell's Gravitas          Tloc           0%         N/A       75%         3
 Teleport Other           Tloc           0%         N/A       75%         3


Dungeon Overview and Level Annotations

Branches:
Dungeon (2/15)

Altars:

Annotations:
D:2 Crazy Yiuf


Innate Abilities, Weirdness & Mutations

You are a hulking beast.
Your limbs bulge with bestial killing power. (Slay +2)
You cannot wear most types of armour.
You are amphibious.
You can wear up to eight rings at the same time.
Your skin changes colour to match your surroundings (Stealth+).
Your rubbery body absorbs attacks. (AC +1, EV +1)
((You are camouflaged when in or above water. (Stealth+)))
You have tentacles for arms and can constrict up to eight enemies at once.


Message History

There is an open door here.
There is an open door here.
You see here a bat skeleton.
A frilled lizard comes into view.
A frilled lizard is nearby!
Found 11 gold pieces.
The helpless frilled lizard fails to defend itself.
You tentacle-slap the frilled lizard. You grab the frilled lizard.
The frilled lizard is heavily wounded.
You constrict the frilled lizard.
You kill the frilled lizard!
No target in view!
No target in view!
No target in view!
No target in view!
You now have 96 gold pieces (gained 11).
Found a hammer.
Found a runed translucent door.
No target in view!
You open the door.
Crazy Yiuf shouts!
There is an open translucent door here.
You tentacle-slap Crazy Yiuf. Your grab misses Crazy Yiuf.
Your squeeze misses Crazy Yiuf.
Crazy Yiuf is lightly wounded.
Crazy Yiuf barely misses you.
You closely miss Crazy Yiuf. Your grab misses Crazy Yiuf.
Crazy Yiuf is lightly wounded.
Crazy Yiuf hits you with a +2 quarterstaff of chaos.
You tentacle-slap Crazy Yiuf but do no damage.
You grab Crazy Yiuf.
Crazy Yiuf is lightly wounded.
You constrict Crazy Yiuf.
Crazy Yiuf hits you with a +2 quarterstaff of chaos!
You are poisoned.
You tentacle-slap Crazy Yiuf.
Crazy Yiuf is heavily wounded.
You constrict Crazy Yiuf.
You feel sick.
Crazy Yiuf hits you with a +2 quarterstaff of chaos!
Ouch! That really hurt!
You die...

#......................
#......................
#.......##.#..###.##...
#################.##...
#....... ########.##.#.
#### ###.#..#.#.##.#.
#...##..#..P.........
#..gh.####P.....##...
#)..### ##.#........
#### ########... #.##
#.# #.# #.# #.## #...


You could see Crazy Yiuf.

Vanquished Creatures
  Terence (D:2)
  Natasha (D:2)
  2 adders (D:2)
  A dart slug (D:2)
  4 ball pythons
  4 bats (D:2)
  3 endoplasms
  3 goblins
  2 hobgoblins
  4 jackals (D:1)
  4 quokkas
  4 frilled lizards
  A kobold (D:2)
  2 rats
36 creatures vanquished.

Notes
Turn   | Place    | Note
-------+----------+-------------------------------------------
     0 | D:1      | mopl the Octopode Shapeshifter began the quest for the Orb.
     0 | D:1      | Reached XP level 1. HP: 14/14 MP: 1/1
   130 | D:1      | Reached XP level 2. HP: 12/19 MP: 2/2
   486 | D:1      | Found a faded altar of an unknown god.
   832 | D:2      | Noticed Natasha
   836 | D:2      | Reached XP level 3. HP: 16/24 MP: 3/3
   846 | D:2      | Killed Natasha
  1134 | D:2      | Reached XP level 4. HP: 30/30 MP: 4/4
  1225 | D:2      | Noticed Terence
  1241 | D:2      | Killed Terence
  1242 | D:2      | Reached skill level 3 in Unarmed Combat
  1504 | D:2      | Found a runed translucent door.
  1505 | D:2      | Noticed Crazy Yiuf
  1513 | D:2      | Slain by Crazy Yiuf

Illustrated notes

Levels and vault maps discovered:
D:1:      scummos_arrival_simple_crosswalls, layout_basic,
          shapermc_ecumenical_altar_mp_urbaneastern, serial_bayou_pond_e,
          serial_park_tiny_pond
D:2:      layout_basic, uniq_crazy_yiuf_cottage, uniq_natasha, uniq_terence

Skill      XL: |  1  2  3  4 |
---------------+-------------+-----
Unarmed Combat | 3 |  3.1
Fighting       | |  2.6
Dodging        | |  2.6
Shapeshifting  | |  3.7

Action                     |  1- 3 |  4- 6 || total
---------------------------+-------+-------++-------
  Melee: Unarmed           |    53 |    27 ||    80
         Constrict         |    15 |     8 ||    23
         Tentacles         |    11 |     8 ||    19
         Punch             |       |     2 ||     2
   Stab: Sleeping          |     7 |     6 ||    13
 Armour: Skin              |     4 |       ||     4
  Dodge: Dodged            |    18 |    13 ||    31

Table legend: (Time is in decaauts)
 A = Elapsed time spent in this place.
 B = Non-inter-level travel time spent in this place.
 C = Inter-level travel time spent in this place.
 D = Time resting spent in this place.
 E = Time spent auto-exploring this place.
 F = Levels seen in this place.
 G = Mean time per level.
                   A        B        C        D        E       F      G
               +--------+--------+--------+--------+--------+-----+--------+
         Total |   1508 |   1483 |     25 |     63 |   1181 |   2 |  754.0 |
       Dungeon |   1508 |   1483 |     25 |     63 |   1181 |   2 |  754.0 |
               +--------+--------+--------+--------+--------+-----+--------+

Top non-repeatable levels by time:
     D:2: 786 daAuts
     D:1: 722 daAuts
